 Dungeon Crawl Stone Soup version 0.25-a0-98-g0cf78c2f83 (webtiles) character file.

Game seed: 5029450045627231115, levelgen mode: deterministic

258121 MrRokkomies the Brawler (level 19, 0/169 (170) HPs)
             Began as a Ghoul Monk on Nov 12, 2019.
             Was the Champion of Cheibriados.
             Slain by a deep troll shaman (30 damage)
             ... led by an ironheart preserver
             ... on level 2 of the Vaults on Nov 13, 2019.
             The game lasted 02:07:40 (33407 turns).

MrRokkomies the Brawler (Ghoul Monk)               Turns: 33407, Time: 02:07:41

HP:   0/169 (170)   AC: 28    Str: 37    XL:     19   Next: 86%
MP:   23/28         EV: 15    Int: 24    God:    Cheibriados [******]
Gold: 266           SH:  0    Dex: 21    Spells: 17/18 levels left

rFire    + + .     SeeInvis +     - Unarmed
rCold    + . .     Gourm    .   (no shield)
rNeg     + + +     Faith    .   d - +4 plate armour
rPois    ∞         Spirit   .   f - +1 helmet
rElec    .         Reflect  .   B - +2 cloak
rCorr    .         Harm     .   (no gloves)
MR       +++..                  j - +1 pair of boots
Stlth    ..........             Y - amulet of Xom's Supremacy {rF+ MR+ Regen+ Dex-5 SInv}
HPRegen  0.00/turn              k - ring of Washihixt {rF+ MR+ EV+4 Str+3 SInv}
MPRegen  0.21/turn              a - +3 ring of slaying

@: rotting, very slow
A: rotting body, claws 1, carnivore, cold resistance 1, negative energy
resistance 3, inhibited regeneration, torment resistance, unbreathing
}: 2/15 runes: decaying, gossamer
a: Bend Time, Temporal Distortion, Slouch, Step From Time, Renounce Religion


You were on level 2 of the Vaults.
You worshipped Cheibriados.
Cheibriados was exalted by your worship.
You were not hungry.

You visited 7 branches of the dungeon, and saw 34 of its levels.
You also visited: Bailey, Ice Cave and Volcano.

You collected 4155 gold pieces.
You spent 3889 gold pieces at shops.

Inventory:

Hand Weapons
 b - a +9 arbalest of velocity
Missiles
 c - 533 bolts
 F - 7 curare-tipped darts (quivered)
 L - 3 throwing nets
Armour
 d - a +4 plate armour (worn)
 f - a +1 helmet (worn)
 j - a +1 pair of boots (worn)
 B - a +2 cloak (worn)
Jewellery
 a - a +3 ring of slaying (right claw)
 i - an uncursed ring of resist corrosion
 k - the ring of Washihixt (left claw) {rF+ MR+ EV+4 Str+3 SInv}
   (You bought it in a shop on level 1 of the Vaults)

   [ring of evasion]

   It affects your evasion (+4).
   It affects your strength (+3).
   It protects you from fire.
   It affects your resistance to hostile enchantments.
   It lets you see invisible.
 V - an uncursed ring of protection from fire
 X - the ring of Gozag's Fury {-Tele rElec rC++ Str+4 Int+4}
   (You found it on level 2 of the Spider Nest)

   [ring of strength]

   It affects your strength (+4).
   It affects your intelligence (+4).
   It greatly protects you from cold.
   It insulates you from electricity.
   It prevents most forms of teleportation.
 Y - the amulet of Xom's Supremacy (around neck) {rF+ MR+ Regen+ Dex-5 SInv}
   (You found it on level 2 of the Spider Nest)

   [amulet of regeneration]

   It affects your dexterity (-5).
   It protects you from fire.
   It affects your resistance to hostile enchantments.
   It lets you see invisible.
   It increases your rate of regeneration.
Wands
 p - a wand of paralysis (9)
 q - a wand of iceblast (24)
 x - a wand of enslavement (26)
 N - a wand of acid (48)
 O - a wand of disintegration (58)
 S - a wand of digging (9)
 T - a wand of clouds (12)
 U - a wand of polymorph (11)
Scrolls
 e - 5 scrolls of enchant armour
 h - 11 scrolls of remove curse
 l - 7 scrolls of teleportation
 z - 5 scrolls of magic mapping
 D - 2 scrolls of enchant weapon
 E - 2 scrolls of fear
 H - 5 scrolls of immolation
 J - 5 scrolls of identify
 M - 2 scrolls of fog
 P - 2 scrolls of silence
Potions
 g - 8 potions of curing
 m - 2 potions of agility
 r - 4 potions of magic
 w - 8 potions of ambrosia
 A - 10 potions of flight
 C - a potion of resistance
 R - 2 potions of invisibility
 W - a potion of heal wounds
 Z - 3 potions of cancellation
Miscellaneous
 v - a lamp of fire
 y - a fan of gales
 G - a phantom mirror
 I - a lightning rod (4/4)
 K - a phial of floods
Comestibles
 o - 67 rations


   Skills:
 - Level 15.2 Fighting
 * Level 14.6 Crossbows
 * Level 12.6 Armour
 - Level 2.6 Dodging
 - Level 2.1 Stealth
 - Level 20.0 Unarmed Combat
 - Level 5.4 Hexes
 - Level 14.0 Invocations
 + Level 6.0 Evocations


You had 17 spell levels left.
You knew the following spells:

 Your Spells              Type           Power        Failure   Level  Hunger
a - Confusing Touch       Hex            ####..       7%          1    ##.....

Your spell library contained the following spells:

 Spells                   Type           Power        Failure   Level  Hunger
 Animate Skeleton         Necr           N/A          54%         1    ##.....
 Apportation              Tloc           #.....       54%         1    ##.....
 Sting                    Conj/Pois      #...         54%         1    ##.....
 Summon Small Mammal      Summ           #...         54%         1    ##.....
 Inner Flame              Hex/Fire       ##......     54%         3    ####...
 Cause Fear               Hex            ####......   56%         4    #####..
 Corpse Rot               Necr           N/A          69%         2    ###....
 Poisonous Vapours        Pois/Air       #.....       69%         2    ###....
 Conjure Flame            Conj/Fire      #.......     89%         3    ####...
 Mephitic Cloud           Conj/Pois/Air  #.......     89%         3    ####...
 Stone Arrow              Conj/Erth      #.....       89%         3    ####...
 Leda's Liquefaction      Hex/Erth       ##........   91%         4    #####..
 Silence                  Hex/Air        ##........   99%         5    ######.
 Summon Mana Viper        Hex/Summ       ##......     99%         5    ######.
 Yara's Violent Unravell  Hex/Tmut       ##........   99%         5    ######.
 Olgreb's Toxic Radiance  Pois           #.......     100%        4    #####..
 Sticky Flame             Conj/Fire      #.......     100%        4    #####..
 Bolt of Magma            Conj/Fire/Erth #.........   100%        5    ######.
 Summon Demon             Summ           #.........   100%        5    ######.
 Summon Forest            Summ/Tloc      #.........   100%        5    ######.
 Venom Bolt               Conj/Pois      #.........   100%        5    ######.
 Deflect Missiles         Chrm/Air       #.........   100%        6    #######
 Iron Shot                Conj/Erth      #.........   100%        6    #######
 Summon Hydra             Summ           #.........   100%        7    #######
 Discord                  Hex            ####......   100%        8    #######
 Shatter                  Erth           #.........   100%        9    #######
 Hydra Form               Tmut           Unusable     N/A         6    N/A
 Statue Form              Tmut/Erth      Unusable     N/A         6    N/A

Dungeon Overview and Level Annotations

Branches:
Dungeon (15/15)            Temple (1/1) D:4            Lair (6/6) D:9
  Swamp (4/4) Lair:4       Spider (4/4) Lair:4        Slime (0/5) Lair:6
    Orc (2/2) D:10            Elf (0/3) Orc:2        Vaults (2/5) D:14
 Depths (0/5) D:15         Bailey (visited)           IceCv (visited)
Volcano (visited)
  Crypt: Vaults:2-3

Altars:
Ashenzari
Cheibriados
Elyvilon
Fedhas
Gozag
Hepliaklqana
Kikubaaqudgha
Makhleb
Nemelex Xobeh
Okawaru
Qazlal
Ru
Sif Muna
Trog
Uskayaw
Vehumet
Wu Jian
Xom
Yredelemnul
Zin
The Shining One
Jiyva

Shops:
D:7 ?   D:9 (   D:11 }   D:13 }   Orc:2 !}![(   Vaults:1 (=(*=

Portals:
Hell: Lair:6
Pandemonium: Orc:2
Trove: D:13 (show abyssal rune of Zot)

Annotations:
D:8 1 runed translucent door
Lair:5 1 runed translucent door, Pyiniag's ghost, journeyman VSWn


Innate Abilities, Weirdness & Mutations

Your body is rotting away.
You thrive on raw meat.
You are immune to poison.
You have sharp fingernails.
You are carnivorous and can eat meat at any time.
Your flesh is cold resistant. (rC+)
You are immune to negative energy. (rN+++)
You do not regenerate when monsters are visible.
You are immune to unholy pain and torment.
You can survive without breathing.


Message History

The ironheart preserver hits you with a +4 dire flail.
You barely miss the deep troll earth mage.
The deep troll earth mage is almost dead.
The deep troll earth mage barely misses you.
The deep troll earth mage claws you but does no damage.
The deep troll earth mage misses you.
The deep troll shaman bites you but does no damage.
The deep troll shaman claws you!
* * * LOW HITPOINT WARNING * * *
The deep troll shaman claws you!
* * * LOW HITPOINT WARNING * * *
You can feel time thicken for a moment.
You kill the deep troll earth mage!
Cheibriados thoroughly appreciates the change of pace.
Your Evocations skill increases to level 6!
You feel somewhat more hungry.
The ironheart preserver casts a spell.
The ironheart preserver begins to accept its allies' injuries.
The deep troll shaman bites you!!
You die...

#....$# #....)# +...(.# #....(#
#.....+ #.....# #...(.# #..pTO#
#..(@.# #.....# #....)# #.....#
######## #.....# #..##..#
#.....###..##..######
#.....'..##..##..#...
#.....#..##).##..#...
#############..(..###..##..###...


You could see an ironheart preserver, a deep troll shaman and an ogre.

Vanquished Creatures
  the Lernaean hydra (Swamp:4)
  Bai Suzhen (Spider:3)
  Rupert (Lair:6)
  4 thorn hunters
  Kirke (Spider:1)
  4 vault wardens
  7 ghost moths
  6 emperor scorpions
  A stone giant (Volcano)
  2 ironheart preservers (Vaults:1)
  6 entropy weavers
  5 spark wasps
  A deep elf annihilator (Vaults:1)
  Josephine (Lair:4)
  2 small abominations (Vaults:1)
  A deep elf death mage (Vaults:1)
  A fire dragon (Lair:2)
  3 ogre magi
  A yaktaur captain (Vaults:1)
  A vault guard (D:14)
  22 hydras
  Harold (D:10)
  A hell beast (Lair:6)
  6 centaur warriors
  2 death knights
  A catoblepas (Lair:6)
  4 shambling mangroves
  14 alligators
  A tengu warrior (D:15)
  A deep troll shaman (Vaults:2)
  A deep troll earth mage (Vaults:2)
  9 two-headed ogres
  5 death yaks (Lair:6)
  5 orc high priests (Orc:2)
  6 skeletal warriors
  3 unseen horrors
  A spriggan druid (Swamp:3)
  A flayed ghost (Vaults:2)
  2 gelid demonspawn (Orc:2)
  A torturous demonspawn (Orc:2)
  2 deep trolls (Vaults:2)
  16 swamp dragons
  2 wizards
  4 harpies (Vaults:1)
  9 orc knights
  A wolf spider zombie (D:15)
  A deep elf archer (Vaults:1)
  Pikel (D:7)
  4 lindwurms
  2 phantasmal warriors
  2 necromancers
  16 orb spiders
  9 deep elf magi
  2 ironbrand convokers
  10 orc sorcerers
  An oklob plant (Lair:1)
  28 wolf spiders
  3 manticores
  4 moths of wrath
  9 ugly things
  4 cyclopes
  A salamander (Lair:2)
  5 elephants (Lair:6)
  4 centaur zombies
  A rust devil (Orc:2)
  3 black mambas
  3 molten gargoyles
  2 ice statues (IceCv)
  23 spiny frogs
  4 gargoyles
  3 orange demons (Lair:6)
  A torpor snail (Spider:2)
  A smoke demon (Lair:6)
  A storm dragon simulacrum (Vaults:1)
  8 rime drakes
  12 yaktaurs
  6 komodo dragons
  3 freezing wraiths
  A tengu conjurer (D:14)
  A guardian mummy (D:13)
  14 demonic crawlers
  An efreet (Volcano)
  A yaktaur skeleton (Vaults:1)
  An ice devil (Lair:6)
  3 red devils
  3 trolls
  3 polar bears
  47 jumping spiders
  11 tyrant leeches
  16 hornets
  19 slime creatures
  8 hippogriffs
  7 blink frogs
  5 bog bodies
  3 ynoxinuls (Orc:2)
  2 shadows
  A vampire (D:11)
  7 wraiths
  3 wyverns
  21 yaks
  2 spriggans (Swamp:2)
  41 tarantellas
  3 basilisks (Lair:6)
  78 redbacks
  4 fire elementals (Volcano)
  2 hungry ghosts
  5 fire bats
  5 hogs (Spider:1)
  12 swamp worms
  21 insubstantial wisps
  4 wargs
  5 hell hounds (Lair:6)
  A soldier ant (D:15)
  A soldier ant (shapeshifter) (Vaults:1)
  12 water moccasins
  12 porcupines
  40 orc warriors
  4 sky beasts
  14 swamp drakes
  17 ice beasts
  2 eyes of draining
  A phantom (D:4)
  A black bear (D:8)
  15 wolves
  12 centaurs
  2 ettin simulacra (Vaults:1)
  17 ogres
  13 crocodiles
  4 big kobolds
  13 bullfrogs
  Blork the orc (D:15)
  A human skeleton (Vaults:1)
  A water moccasin zombie (D:12)
  7 scorpions
  6 killer bees (D:7)
  9 howler monkeys
  4 wights (D:15)
  3 electric eels (Spider:4)
  5 crimson imps
  8 lava snakes
  A bullfrog zombie (D:7)
  A wyvern simulacrum (D:14)
  3 hounds
  7 jellies
  A quasit (D:6)
  28 orc priests
  Crazy Yiuf (D:7)
  2 bullfrog skeletons
  5 centaur skeletons
  16 orc wizards
  4 iguanas
  13 worker ants
  A hound zombie (D:10)
  2 hound skeletons
  2 worker ant zombies
  11 gnolls
  6 adders
  6 shadow imps
  A white imp (D:9)
  7 oozes
  A worm (D:2)
  3 dart slugs
  2 leopard geckos
  99 orcs
  5 bats
  6 giant cockroaches
  11 goblins
  8 hobgoblins
  7 jackals
  4 quokkas
  A ball python (D:3)
  3 frilled lizards
  26 kobolds
  A leopard gecko skeleton (D:4)
  A quokka zombie (D:5)
  8 rats
  A crawling corpse (Vaults:1)
1239 creatures vanquished.

Vanquished Creatures (collateral kills)
  A basilisk (Lair:5)
  A plant (Lair:1)
2 creatures vanquished.

Vanquished Creatures (others)
  A spiny frog (Lair:5)
  A hungry ghost (D:7)
  A slave (D:7)
  2 briar patches (Swamp:3)
  A crawling corpse (Vaults:1)
  3 fungi
  5 plants
14 creatures vanquished.

Grand Total: 1255 creatures vanquished

Notes
Turn   | Place    | Note
-------+----------+-------------------------------------------
     0 | D:1      | MrRokkomies the Ghoul Monk began the quest for the Orb.
     0 | D:1      | Reached XP level 1. HP: 19/19 MP: 0/0
   249 | D:1      | Reached XP level 2. HP: 26/26 MP: 1/1
   700 | D:1      | Reached XP level 3. HP: 33/33 MP: 2/2
   921 | D:2      | Found an ancient bone altar of Kikubaaqudgha.
   928 | D:2      | Reached skill level 4 in Unarmed Combat
  1368 | D:2      | Found a hazy altar of Hepliaklqana.
  1368 | D:2      | Found a radiant altar of Vehumet.
  1369 | D:2      | Found a shimmering altar of Xom.
  1448 | D:2      | Reached XP level 4. HP: 28/41 MP: 3/3
  2213 | D:4      | Found a staircase to the Ecumenical Temple.
  2222 | D:4      | Noticed an ogre
  2228 | D:4      | Killed an ogre
  2228 | D:4      | Reached skill level 5 in Fighting
  2228 | D:4      | Reached skill level 5 in Unarmed Combat
  2228 | D:4      | Reached XP level 5. HP: 48/48 MP: 4/4
  2253 | Temple   | Entered the Ecumenical Temple
  2374 | Temple   | Became a worshipper of Cheibriados the Contemplative
  2374 | Temple   | Reached * piety under Cheibriados
  2374 | Temple   | Reached ** piety under Cheibriados
  2416 | D:4      | Reached XP level 6. HP: 47/56 MP: 5/5
  2498 | D:4      | You fall into a shaft and drop 2 floors!
  2521 | D:6      | Found a hide-covered altar of Uskayaw.
  2522 | D:6      | Noticed an ice beast
  2535 | D:6      | Killed an ice beast
  2535 | D:6      | Reached skill level 1 in Invocations
  2565 | D:6      | You fall into a shaft and drop 2 floors!
  2565 | D:8      | Found a flagged portal.
  2565 | D:8      | Noticed a two-headed ogre
  2574 | D:8      | Killed a two-headed ogre
  2574 | D:8      | Reached skill level 7 in Unarmed Combat
  2574 | D:8      | Reached XP level 7. HP: 33/65 MP: 5/8
  2574 | D:8      | Reached XP level 8. HP: 37/72 MP: 5/9
  2580 | D:8      | Noticed a hornet
  2583 | Bailey   | Entered a bailey
  3064 | D:7      | Killed a hornet
  3316 | D:6      | Reached skill level 8 in Unarmed Combat
  3398 | D:5      | Entered Level 5 of the Dungeon
  3417 | D:5      | Found a stormy altar of Qazlal.
  3419 | D:5      | Noticed a water elemental
  3421 | D:5      | Noticed an air elemental
  3774 | D:4      | Noticed a hornet
  3782 | D:4      | Killed a hornet
  3782 | D:4      | Reached XP level 9. HP: 46/82 MP: 11/11
  3974 | D:4      | Found an iron altar of Okawaru.
  3986 | D:4      | Reached *** piety under Cheibriados
  4050 | D:4      | Reached skill level 9 in Unarmed Combat
  4184 | D:4      | Reached skill level 5 in Invocations
  5260 | D:5      | Found a sparkling altar of Nemelex Xobeh.
  5261 | D:5      | Found an opulent altar of Gozag.
  5716 | D:6      | Found an ornate altar of the Wu Jian Council.
  5841 | D:7      | Reached **** piety under Cheibriados
  5843 | D:7      | Reached skill level 10 in Fighting
  5843 | D:7      | Reached skill level 1 in Crossbows
  5847 | D:7      | Reached skill level 10 in Unarmed Combat
  5869 | D:7      | Found Uraffez's Magic Scroll Emporium.
  5977 | D:7      | Noticed Pikel
  5986 | D:7      | Killed Pikel
  5986 | D:7      | Reached XP level 10. HP: 87/93 MP: 13/13
  6685 | D:7      | Found a runed translucent door.
  6686 | D:7      | Noticed Crazy Yiuf
  6692 | D:7      | Killed Crazy Yiuf
  6770 | D:8      | Reached skill level 11 in Unarmed Combat
  6923 | D:8      | Found a shattered altar of Ashenzari.
  6940 | D:8      | Reached ***** piety under Cheibriados
  7060 | D:8      | Found a glowing golden altar of the Shining One.
  7060 | D:8      | Found a runed translucent door.
  7060 | D:8      | Noticed an angel
  8085 | D:9      | Reached skill level 5 in Crossbows
  8117 | D:9      | Found a burning altar of Makhleb.
  8129 | D:9      | Found an iron altar of Okawaru.
  8182 | D:9      | Found Igor's Antique Weapon Emporium.
  8231 | D:9      | Reached XP level 11. HP: 99/99 MP: 15/15
  8324 | D:9      | Found a staircase to the Lair.
  8465 | Lair:1   | Entered Level 1 of the Lair of Beasts
  8465 | Lair:1   | Noticed an oklob plant
  8797 | Lair:1   | Killed an oklob plant
  8884 | Lair:1   | You fall into a shaft and drop 1 floor!
  8887 | Lair:2   | Reached skill level 12 in Unarmed Combat
  9983 | Lair:2   | Noticed a salamander
  9993 | Lair:2   | Noticed a fire dragon
  9995 | Lair:2   | Reached skill level 13 in Unarmed Combat
 10556 | Lair:2   | Killed a fire dragon
 10556 | Lair:2   | Reached XP level 12. HP: 55/106 MP: 17/17
 11313 | Lair:3   | Noticed a six-headed hydra
 11319 | Lair:3   | Killed a six-headed hydra
 11756 | Lair:4   | Reached ****** piety under Cheibriados
 11782 | Lair:4   | Found a hole to the Spider Nest.
 11850 | Lair:4   | Reached skill level 14 in Unarmed Combat
 11868 | Lair:4   | Found a staircase to the Swamp.
 11874 | Lair:4   | Noticed a seven-headed hydra
 11880 | Lair:4   | Killed a seven-headed hydra
 12011 | Lair:4   | Learned a level 1 spell: Confusing Touch
 12121 | Lair:4   | Noticed Josephine
 12125 | Lair:4   | Killed Josephine
 12133 | Lair:4   | Reached skill level 1 in Hexes
 12532 | Lair:5   | Found a runed translucent door.
 12532 | Lair:5   | Noticed Pyiniag's ghost (journeyman VSWn)
 12554 | Lair:5   | Reached skill level 10 in Invocations
 12570 | Lair:5   | Noticed a six-headed hydra
 12576 | Lair:5   | Killed a six-headed hydra
 12663 | Lair:5   | Reached XP level 13. HP: 111/113 MP: 19/19
 12936 | Lair:5   | Reached skill level 10 in Crossbows
 13367 | Lair:6   | Entered Level 6 of the Lair of Beasts
 13544 | Lair:6   | Reached skill level 15 in Unarmed Combat
 13552 | Lair:6   | HP: 4/113 [death yak (2)]
 14119 | Lair:6   | Noticed Rupert
 14170 | Lair:6   | Paralysed by Rupert for 4 turns
 14179 | Lair:6   | Killed Rupert
 14179 | Lair:6   | Reached skill level 16 in Unarmed Combat
 14179 | Lair:6   | Reached XP level 14. HP: 90/121 MP: 20/20
 14228 | Lair:6   | Found a burning altar of Makhleb.
 14246 | Lair:6   | Found a gateway to Hell.
 14507 | Lair:6   | Found a viscous altar of Jiyva.
 14507 | Lair:6   | Found a staircase to the Slime Pits.
 14777 | D:10     | Entered Level 10 of the Dungeon
 14872 | D:10     | Found a staircase to the Orcish Mines.
 15136 | D:10     | Noticed Harold
 15146 | D:10     | Killed Harold
 15146 | D:10     | Reached skill level 5 in Hexes
 15445 | Orc:1    | Entered Level 1 of the Orcish Mines
 15488 | Orc:1    | Found a dark tunnel.
 15535 | Orc:1    | Paralysed by an orc sorcerer for 6 turns
 15596 | Volcano  | Entered a volcano
 15940 | Volcano  | Found a bloodstained altar of Trog.
 16023 | Volcano  | Noticed a stone giant
 16027 | Volcano  | Killed a stone giant
 16570 | Orc:2    | Entered Level 2 of the Orcish Mines
 16570 | Orc:2    | Found a staircase to the Elven Halls.
 16700 | Orc:2    | Found Pufemmank's Weapon Boutique.
 16794 | Orc:2    | Found Iduanes's Distillery.
 16799 | Orc:2    | Found Xurchoun's Distillery.
 16840 | Orc:2    | Bought a potion of heal wounds for 75 gold pieces
 16842 | Orc:2    | Bought a potion of heal wounds for 90 gold pieces
 16927 | Orc:2    | Reached skill level 17 in Unarmed Combat
 16999 | Orc:2    | Paralysed by an orc sorcerer for 6 turns
 17014 | Orc:2    | Reached XP level 15. HP: 33/126 MP: 14/21
 17095 | Orc:2    | Found Lagarch's Gadget Shoppe.
 17095 | Orc:2    | Found Guceupn's Antique Armour Emporium.
 17096 | Orc:2    | Found a one-way gate leading to the halls of Pandemonium.
 17339 | Orc:2    | Bought a fan of gales for 640 gold pieces
 17339 | Orc:2    | Bought a phial of floods for 640 gold pieces
 17582 | D:11     | Found Nyzxell's Gadget Shoppe.
 19254 | D:13     | Found Soper's Gadget Shoppe.
 19804 | D:13     | Found a portal to a secret trove of treasure.
 20082 | D:14     | Found a frozen archway.
 20103 | IceCv    | Entered an ice cave
 20104 | IceCv    | Found a transporter.
 20150 | IceCv    | Found a transporter.
 20683 | D:14     | Reached skill level 18 in Unarmed Combat
 21132 | D:14     | Found a gate to the Vaults.
 21422 | D:15     | Entered Level 15 of the Dungeon
 21681 | D:15     | Reached XP level 16. HP: 19/134 MP: 17/23
 22013 | D:15     | Identified a scroll of acquirement
 22067 | D:15     | Found a staircase to the Depths.
 22261 | D:15     | Noticed Blork the orc
 22283 | D:15     | Killed Blork the orc
 22596 | D:15     | Found a shimmering blue altar of Sif Muna.
 22996 | Swamp:1  | Entered Level 1 of the Swamp
 23012 | Swamp:1  | HP: 4/130 [alligator (10)]
 23403 | Swamp:1  | Reached skill level 1 in Armour
 24402 | Swamp:2  | Reached skill level 19 in Unarmed Combat
 25284 | Swamp:2  | Noticed a thorn hunter
 25295 | Swamp:2  | Killed a thorn hunter
 25532 | Swamp:3  | Noticed a thorn hunter
 25606 | Swamp:3  | Killed a thorn hunter
 25679 | Swamp:3  | Reached skill level 5 in Armour
 26275 | Swamp:3  | Reached XP level 17. HP: 129/140 MP: 25/25
 26423 | Swamp:4  | Entered Level 4 of the Swamp
 26534 | Swamp:4  | Noticed the 27-headed Lernaean hydra
 26552 | Swamp:4  | Killed the 27-headed Lernaean hydra
 26770 | Swamp:4  | Reached skill level 20 in Unarmed Combat
 27550 | Swamp:4  | Got a decaying rune of Zot
 27753 | Spider:1 | Entered Level 1 of the Spider Nest
 27999 | Spider:1 | Noticed Kirke
 28004 | Spider:1 | Killed Kirke
 28499 | Spider:2 | Reached XP level 18. HP: 61/151 MP: 27/27
 28562 | Spider:2 | Found a transporter.
 28897 | Spider:2 | Found a transporter.
 28948 | Spider:2 | Got a glittering sapphire amulet
 28949 | Spider:2 | Identified the amulet of Xom's Supremacy {rF+ MR+ Regen+
                  | Dex-5 SInv} (You found it on level 2 of the Spider Nest)
 28967 | Spider:2 | Got a pitted copper ring
 28968 | Spider:2 | Identified the ring of Gozag's Fury {-Tele rElec rC++ Str+4
                  | Int+4} (You found it on level 2 of the Spider Nest)
 28970 | Spider:2 | Identified Tuativ's Tome of the Burning Escort
 29389 | Spider:3 | Reached skill level 1 in Evocations
 29418 | Spider:3 | Reached skill level 10 in Armour
 29679 | Spider:3 | Noticed Bai Suzhen
 29708 | Spider:3 | Killed Bai Suzhen
 30245 | Spider:4 | Entered Level 4 of the Spider Nest
 30312 | Spider:4 | Upgraded the game from 0.25-a0-96-g4073cf80fb to
                  | 0.25-a0-98-g0cf78c2f83
 30779 | Spider:4 | Reached XP level 19. HP: 152/166 MP: 28/28
 31217 | Spider:4 | Got a gossamer rune of Zot
 31722 | Vaults:1 | Entered Level 1 of the Vaults
 31722 | Vaults:1 | Found Turidir's Jewellery Shop.
 32023 | Vaults:1 | Reached skill level 5 in Evocations
 32073 | Vaults:1 | HP: 3/168 [orc knight/+1 glaive (20)]
 32502 | Vaults:1 | Reached skill level 15 in Fighting
 32779 | Vaults:1 | Found Fiupom's Jewellery Shoppe.
 32787 | Vaults:1 | Bought a +3 ring of slaying for 990 gold pieces
 32787 | Vaults:1 | Bought the ring of Washihixt {rF+ MR+ EV+4 Str+3 SInv} for
                  | 1454 gold pieces
 32858 | Vaults:1 | Found Kaonuh's Assorted Antiques.
 33018 | Vaults:1 | Found Binenin's Antique Weapon Shoppe.
 33078 | Vaults:1 | Found Waucid's Weapon Shoppe.
 33407 | Vaults:2 | Slain by a deep troll shaman

Levels and vault maps discovered:
D:1:      nicolae_arrival_washed_ashore, layout_loops_corners
D:2:      layout_loops_cross, overflow_temple_1_default,
          gammafunk_temple_overflow_forgotten
D:3:      layout_basic, nicolae_dithmenos_shadow_blocks, first_ration
D:4:      layout_loops_corners, minmay_temple_entry_mist,
          okawaru_altar_gauntlet_db
D:5:      layout_layer_cave, grunt_temple_overflow_opulence,
          nicolae_qazlal_style_of_elements, minmay_fractal_squares_gapless_5
D:6:      layout_basic, nicolae_overflow_crystal_walls,
          eat_drink_and_be_merry_uskayaw
D:7:      layout_loops_corners, serial_shops, nicolae_shop_trees,
          uniq_crazy_yiuf_cottage, uniq_pikel
D:8:      layout_layer_cave, old_standard_altar, enter_bailey_1,
          lemuel_angel_altar
D:9:      layout_long_grid, grunt_temple_overflow_open,
          grunt_lair_entry_orc_guard_hut, serial_shops, shop,
          minmay_fire_ice_demons
D:10:     layout_irregular_city, orc_0_dummy, uniq_harold
D:11:     layout_long_grid, serial_shops, nicolae_shop_window_shopping,
          hangedman_little_slice_of_home
D:12:     layout_gridville
D:13:     layout_long_grid, serial_shops, shop,
          nicolae_trove_entry_path_of_doom, chequers_serial_rivers_small_b,
          kennysheep_donut
D:14:     layout_roguey, david_vaults_5, minmay_crystal_water,
          portal_ice_cave_rime
D:15:     grunt_enter_depths_magical_seal, layout_rooms, minmay_misc_feat_five,
          hangedman_decor_opposing, tgw_sif
Temple:   nicolae_temple_figure_zero
Lair:1:   layout_chaotic_city, dpeg_stationary_puzzle, infiniplex_staircase_pool
Lair:2:   dragon1_lemuel, layout_misc_corridors, serial_forest,
          infiniplex_forest_straight_3, infiniplex_forest_clump_small,
          infiniplex_forest_straight_2, infiniplex_forest_end_2,
          infiniplex_forest_lined_2, infiniplex_forest_clump_tiny,
          infiniplex_forest_clump_large, lemuel_fruit_tree
Lair:3:   layout_loops_ring
Lair:4:   layout_roguey, swamp_mist, spider_nest_entry_web_field, uniq_josephine
Lair:5:   layout_cave_pods, ebering_ghost_reflecting_pool
Lair:6:   evil_forest, layout_gridlike, dpeg_slime_entry_enclosed_altar,
          grunt_megastairs_3, uniq_rupert
Swamp:1:  layout_basic_swamp, hangedman_swamp_lotus
Swamp:2:  layout_basic_swamp, hangedman_swamp_blocks
Swamp:3:  layout_basic_swamp, evilmike_swamp_ruin_rubble_2, swamp_pool1,
          grunt_lady_of_the_lake
Swamp:4:  swamp_alternative, layout_basic_swamp, swamp_pool1,
          evilmike_swamp_ruin_house_4
Spider:1: layout_spider_delve, uniq_kirke
Spider:2: gammafunk_its_a_trap
Spider:3: layout_spider_delve, spiders_nest_ghost_moth_duel, uniq_bai_suzhen
Spider:4: spider_rune_water
Orc:1:    layout_caves, nicolae_volcano_entry_vermiform
Orc:2:    pf_orc_diabolical, layout_caves, serial_shops, shop
Vaults:1: hangedman_vaults_slither, special_room_vaults [special_room_orc],
          grunt_vaults_bifocal, vaults_room_stairs_pillars,
          hangedman_vaults_impose, hangedman_vaults_cutoff,
          nicolae_vaults_rhombus_6, nicolae_vaults_yaktaur_gun_rack,
          vaults_room_ringed_pool, v_misc_26, vaults_dpeg_diagonal,
          vaults_room_grid, ontoclasm_vaults_decontamination, v_pattern_2,
          ontoclasm_vaults_pinch, layout_vaults_omnibox, serial_shops,
          nicolae_shop_overgrown_old_shop, shop, shop_fountains,
          nicolae_shop_waterfront, shop
Vaults:2: nicolae_vaults_network_barrier, vaults_room_fours,
          vaults_room_corners, ontoclasm_vaults_ring_square,
          grunt_vaults_diagonal, ontoclasm_vaults_misaligned,
          vaults_mumra_minichess, v_misc_18, v_misc_31, layout_vaults_ring,
          basic_altar, uniq_jory

Skill      XL: |  1  2  3  4  5  6  7  8  9 10 11 12 13 14 15 16 17 18 19 |
---------------+----------------------------------------------------------+-----
Fighting       | 4 5 7 8 10 11 13 15 | 15.2
Unarmed Combat | 4 5 7 8 10 11 13 14 16 17 18 19 20 | 20.0
Invocations    | 3 4 6 7 9 10 11 12 13 14 | 14.0
Crossbows      | 2 5 8 9 11 12 14 | 14.6
Hexes          | 1 4 5 |  5.4
Armour         | 5 9 11 12 | 12.6
Evocations     | 3 6 |  6.0
Dodging        | |  2.6
Stealth        | |  2.1

Action                   |  1- 3 |  4- 6 |  7- 9 | 10-12 | 13-15 | 16-18 | 19-21 || total
-------------------------+-------+-------+-------+-------+-------+-------+-------++-------
Melee: Unarmed           |    99 |    94 |   204 |   463 |   955 |   708 |   179 ||  2702
       Punch             |     1 |     3 |    14 |    43 |   108 |    96 |    33 ||   298
 Fire: Arbalest          |       |       |       |    54 |   208 |   528 |   207 ||   997
Throw: Dart              |       |     6 |    29 |       |       |       |       ||    35
       Stone             |       |     1 |       |       |       |       |       ||     1
 Cast: Confusing Touch   |       |       |       |       |     2 |       |       ||     2
Invok: Slouch            |       |       |       |     3 |    11 |    19 |     5 ||    38
       Step From Time    |       |       |       |       |     4 |     2 |     2 ||     8
Evoke: Wand              |       |     1 |     7 |     1 |     4 |       |     1 ||    14
       Lamp of fire      |       |       |       |     1 |     1 |       |       ||     2
  Use: Scroll            |     4 |     4 |     6 |    13 |    12 |    13 |     4 ||    56
       Potion            |       |       |     4 |     3 |     2 |    10 |       ||    19
 Stab: Sleeping          |     5 |       |       |       |       |       |       ||     5
       Paralysed         |       |       |     6 |       |       |       |       ||     6
       Confused          |       |       |       |       |     4 |     1 |       ||     5
  Eat: Chunk             |     4 |     7 |     7 |    41 |   152 |   132 |    49 ||   392
Armor: Robe              |     6 |       |       |       |       |       |       ||     6
       Ring mail         |    23 |    15 |       |       |       |       |       ||    38
       Chain mail        |       |    11 |   117 |       |       |       |       ||   128
       Plate armour      |       |       |     5 |   303 |   706 |   869 |   230 ||  2113
Dodge: Dodged            |    61 |    37 |   102 |   236 |   513 |   489 |   135 ||  1573

Table legend:
 A = Non-vault XP
 B = Vault XP
 C = Vault XP percentage of total XP
 D = Non-vault monster count
 E = Vault monster count
 F = Vault count percentage of total count
                 A         B        C        D         E       F
            +---------+---------+-------+---------+---------+-------
      Total |  252579 |  135224 |  34.9 |     926 |     313 |  25.3
            +---------+---------+-------+---------+---------+-------
        D:1 |      35 |       0 |   0.0 |      20 |       0 |   0.0
        D:2 |      50 |       0 |   0.0 |      17 |       0 |   0.0
        D:3 |      30 |       0 |   0.0 |      16 |       0 |   0.0
        D:4 |     878 |      36 |   3.9 |      17 |       6 |  26.1
        D:5 |     823 |     291 |  26.1 |      28 |       5 |  15.2
        D:6 |     490 |       0 |   0.0 |      10 |       0 |   0.0
        D:7 |    2267 |     692 |  23.4 |      41 |       2 |   4.7
        D:8 |    1811 |       0 |   0.0 |      17 |       0 |   0.0
        D:9 |    1484 |     740 |  33.3 |      13 |       8 |  38.1
       D:10 |    1374 |     960 |  41.1 |      34 |       1 |   2.9
       D:11 |    5566 |     434 |   7.2 |      38 |       9 |  19.1
       D:12 |    6018 |       0 |   0.0 |      50 |       0 |   0.0
       D:13 |    3766 |     337 |   8.2 |      12 |       1 |   7.7
       D:14 |   10439 |    5046 |  32.6 |      25 |      10 |  28.6
       D:15 |   13003 |    4713 |  26.6 |      35 |       9 |  20.5
     Lair:1 |    2526 |     565 |  18.3 |      11 |       1 |   8.3
     Lair:2 |    6042 |    1055 |  14.9 |      28 |       1 |   3.4
     Lair:3 |    4756 |       0 |   0.0 |      21 |       0 |   0.0
     Lair:4 |    3295 |    1982 |  37.6 |      12 |       5 |  29.4
     Lair:5 |    3975 |     123 |   3.0 |      16 |       1 |   5.9
     Lair:6 |   16132 |   12538 |  43.7 |      33 |      28 |  45.9
    Swamp:1 |    9800 |       0 |   0.0 |      21 |       0 |   0.0
    Swamp:2 |   16618 |       0 |   0.0 |      41 |       0 |   0.0
    Swamp:3 |   13596 |       0 |   0.0 |      29 |       0 |   0.0
    Swamp:4 |   11089 |   25014 |  69.3 |      27 |      30 |  52.6
   Spider:1 |   17843 |    2915 |  14.0 |      53 |       6 |  10.2
   Spider:2 |   17822 |    3781 |  17.5 |      39 |       7 |  15.2
   Spider:3 |   25372 |    8078 |  24.1 |      60 |       8 |  11.8
   Spider:4 |   23212 |   19056 |  45.1 |      61 |      32 |  34.4
      Orc:1 |    2852 |     640 |  18.3 |      34 |       1 |   2.9
      Orc:2 |    1246 |   15781 |  92.7 |      12 |      59 |  83.1
   Vaults:1 |   24786 |   20416 |  45.2 |      50 |      51 |  50.5
   Vaults:2 |    3583 |    3415 |  48.8 |       5 |       4 |  44.4
     Bailey |       0 |      12 | 100.0 |       0 |       4 | 100.0
      IceCv |       0 |    2613 | 100.0 |       0 |      10 | 100.0
    Volcano |       0 |    3991 | 100.0 |       0 |      14 | 100.0
            +---------+---------+-------+---------+---------+-------
